 Dungeon Crawl Stone Soup version 0.23.0-28-g6fe0f4dc8b (webtiles) character file.

Game seed: 16327852890154882357

22995 Peloso the Carver (level 12, 0/107 HPs)
             Began as a Minotaur Fighter on Feb 25, 2019.
             Was a High Priest of Okawaru.
             Slain by an eight-headed hydra (8 damage)
             ... on level 1 of the Lair of Beasts.
             The game lasted 00:33:37 (13369 turns).

Peloso the Carver (Minotaur Fighter)               Turns: 13369, Time: 00:33:37

Health: 0/107      AC: 11    Str: 24    XL:     12   Next: 67%
Magic:  12/12      EV: 15    Int: 12    God:    Okawaru [*****.]
Gold:   706        SH:  0    Dex: 12    Spells: 11/11 levels left

rFire    + + .     SeeInvis .   g - +5 great mace "Daots" {flame, rC+ Int+9}
rCold    + + .     Gourm    .   (shield currently unavailable)
rNeg     + . .     Faith    .   H - +3 ring mail "Apelom" {rN+ Stlth+}
rPois    .         Spirit   .   (helmet restricted)
rElec    .         Reflect  .   l - scarf {rC+ rF+}
rCorr    .         Harm     .   C - +0 pair of gloves
MR       .....                  (no boots)
Stlth    +++.......             (no amulet)
HPRegen  0.27/turn              i - ring of protection from fire
MPRegen  0.13/turn              L - -2 ring of intelligence (curse)

@: no status effects
A: retaliatory headbutt, horns 2
a: Heroism, Finesse, Renounce Religion


You were on level 1 of the Lair of Beasts.
You worshipped Okawaru.
Okawaru was extremely pleased with you.
You were very hungry.

You visited 3 branches of the dungeon, and saw 13 of its levels.

You collected 764 gold pieces.
You spent 58 gold pieces at shops.

Inventory:

Hand Weapons
 a - a +1 double sword of draining
 b - the +10 scimitar of Karma {drain, rF++}
   (You took it off an orc knight on level 9 of the Dungeon)

   A truly terrible weapon, it drains the life of those it strikes.
   It greatly protects you from fire.
 g - the +5 great mace "Daots" (weapon) {flame, rC+ Int+9}
   (You took it off a two-headed ogre on level 9 of the Dungeon)

   It has been specially enchanted to burn those struck by it, causing extra
   injury to most foes and up to half again as much damage against particularly
   susceptible opponents.
   It affects your intelligence (+9).
   It protects you from cold.
 K - a +0 demon blade
Armour
 c - a +0 shield of protection
 l - a scarf of resistance (worn)
 w - +2 acid dragon scales
 C - a +0 pair of gloves (worn)
 H - the +3 ring mail "Apelom" (worn) {rN+ Stlth+}
   (You found it on level 6 of the Dungeon)

   It protects you from negative energy.
   It makes you more stealthy.
 P - a +0 cloak of magic resistance
Jewellery
 e - an uncursed ring of stealth
 i - a ring of protection from fire (left hand)
 q - an uncursed ring of ice
 u - an uncursed ring of protection from fire
 E - an uncursed ring of see invisible {unknown}
 L - a cursed -2 ring of intelligence (right hand)
Wands
 h - a wand of flame (19)
 A - a wand of random effects (35)
 N - a wand of enslavement (10)
 O - a wand of digging (6)
Scrolls
 n - a scroll of enchant weapon
 o - a scroll of enchant armour
 s - 7 scrolls of teleportation
 v - 6 scrolls of remove curse
 x - 4 scrolls of blinking {unknown}
 y - 2 scrolls of immolation {unknown}
 z - 2 scrolls of noise
 B - 3 scrolls of magic mapping {unknown}
 G - a scroll of torment {unknown}
 J - a scroll of amnesia {unknown}
 M - a scroll of vulnerability {unknown}
Potions
 d - 4 potions of might
 j - 5 potions of agility
 k - 3 potions of cancellation
 m - 2 potions of invisibility
 p - a potion of berserk rage
 r - 4 potions of curing
 t - 3 potions of haste
 D - 2 potions of heal wounds
 F - 2 potions of ambrosia
 I - 3 potions of flight
Comestibles
 f - 22 rations


   Skills:
 + Level 10.4 Fighting
 + Level 14.8 Long Blades
 + Level 9.0 Armour
 + Level 7.3 Dodging
 + Level 4.3 Stealth
 + Level 12.7 Shields
 + Level 2.2 Invocations
 + Level 0.1 Evocations


You had 11 spell levels left.
You didn't know any spells.
Your spell library contained the following spells:

 Spells                   Type           Power        Failure   Level  Hunger
 Confusing Touch          Hex            #.....       43%         1    ##.....
 Ensorcelled Hibernation  Hex/Ice        #.....       58%         2    ###....
 Confuse                  Hex            #.......     82%         3    ####...
 Gell's Gravitas          Tloc           #.........   82%         3    ####...
 Static Discharge         Conj/Air       #.......     82%         3    ####...
 Petrify                  Tmut/Erth      #.......     99%         4    #####..
 Borgnjor's Vile Clutch   Necr/Erth      #.........   100%        5    ######.
 Lightning Bolt           Conj/Air       #.........   100%        5    ######.
 Metabolic Englaciation   Hex/Ice        #.........   100%        5    ######.
 Silence                  Hex/Air        #.........   100%        5    ######.
 Yara's Violent Unravell  Hex/Tmut       #.........   100%        5    ######.
 Darkness                 Hex            #.........   100%        6    #######
 Shadow Creatures         Summ           N/A          100%        6    #######
 Ignition                 Fire           #.........   100%        8    #######
 Shatter                  Erth           #.........   100%        9    #######
 Tornado                  Air            #.........   100%        9    #######


Dungeon Overview and Level Annotations

Branches:
Dungeon (11/15)            Temple (1/1) D:7            Lair (1/6) D:11
    Orc (0/2) D:9

Altars:
Cheibriados
Dithmenos
Elyvilon
Fedhas
Gozag
Hepliaklqana
Kikubaaqudgha
Makhleb
Nemelex Xobeh
Okawaru
Ru
Sif Muna
Trog
Uskayaw
Vehumet
Wu Jian
Xom
Yredelemnul
Zin

Shops:
D:6 =   D:10 ?   D:11 :


Innate Abilities, Weirdness & Mutations

You reflexively headbutt those who attack you in melee.
You have a pair of horns on your head.


Message History

The eight-headed hydra bites you but does no damage.
The eight-headed hydra bites you! x2
The eight-headed hydra bites you but does no damage.
The eight-headed hydra closely misses you.
The eight-headed hydra bites you!
You sock the eight-headed hydra! You burn the eight-headed hydra.
You headbutt the eight-headed hydra!
The eight-headed hydra is heavily wounded.
The eight-headed hydra misses you.
The eight-headed hydra bites you but does no damage.
The eight-headed hydra bites you!
* * * LOW HITPOINT WARNING * * *
The eight-headed hydra closely misses you.
The eight-headed hydra bites you but does no damage.
The eight-headed hydra bites you!
* * * LOW HITPOINT WARNING * * *
The eight-headed hydra bites you!
* * * LOW HITPOINT WARNING * * *
The eight-headed hydra bites you!
You die...

######### ###
##.#.P##.###.#
#........<....
#..#######..## #.## #..#
#.# #..# #..#######.#
#..# #....D@....# #..##
#..........# ### #...#
.......P##..####.###..##
.......###............##
..#.... #.#####........
##..... #.# ###......
##.... #.# #...... .....
#.# #....## #.
#####...##


You could see an eight-headed hydra.

Vanquished Creatures
  An ogre mage (D:7)
  Harold (D:8)
  The ghost of guttsta the Arsonist, a novice OgFE of Vehumet (D:9)
  5 two-headed ogres (D:9)
  2 tengu warriors (D:9)
  Urug (D:10)
  Sonja (Lair:1)
  An unseen horror (D:11)
  An orc knight (D:9)
  A deep elf mage (D:8)
  A black mamba (Lair:1)
  A moth of wrath (D:9)
  Maurice (D:9)
  2 spiny frogs (Lair:1)
  Psyche (D:7)
  A troll (D:10)
  2 hornets
  A polar bear (D:10)
  2 hippogriffs
  A centaur simulacrum (D:10)
  A basilisk (D:11)
  A steam dragon (D:9)
  22 yaks
  3 hungry ghosts
  A warg (D:9)
  A water moccasin (D:10)
  3 porcupines
  3 sky beasts
  2 eyes of draining
  2 black bears (D:11)
  A hornet zombie (D:8)
  4 ice beasts
  3 orc warriors
  4 phantoms
  3 ogres
  6 wolves
  3 centaurs
  4 crocodiles
  2 big kobolds
  7 bullfrogs
  3 wyvern skeletons
  7 scorpions
  6 killer bees (D:11)
  2 electric eels (D:10)
  2 centaur zombies
  3 crimson imps
  A bullfrog zombie (D:6)
  A quasit (D:9)
  8 hounds
  4 jellies
  8 orc priests
  A bullfrog skeleton (D:10)
  5 iguanas
  Ijyb (D:5)
  6 orc wizards
  5 worker ants
  A bullfrog simulacrum (D:10)
  A hound skeleton (D:11)
  A hound zombie (D:7)
  2 killer bee simulacra (D:10)
  2 worker ant zombies
  10 adders
  4 gnolls
  3 shadow imps
  2 white imps (D:10)
  5 worms
  2 dart slugs (D:1)
  4 leopard geckos
  23 orcs
  A ball python (D:1)
  10 giant cockroaches
  12 goblins
  4 hobgoblins (D:1)
  9 jackals
  16 kobolds
  5 quokkas
  7 bats
  4 frilled lizards
  2 leopard gecko skeletons
  12 rats
309 creatures vanquished.

Vanquished Creatures (others)
  A fungus (D:11)
  2 plants (D:11)
3 creatures vanquished.

Grand Total: 312 creatures vanquished

Notes
Turn   | Place    | Note
-------+----------+-------------------------------------------
     0 | D:1      | Peloso the Minotaur Fighter began the quest for the Orb.
     0 | D:1      | Reached XP level 1. HP: 19/19 MP: 0/0
   108 | D:1      | Reached XP level 2. HP: 24/27 MP: 1/1
   398 | D:1      | Reached XP level 3. HP: 31/33 MP: 2/2
   705 | D:2      | Found a sparkling altar of Nemelex Xobeh.
   772 | D:2      | Reached skill level 3 in Long Blades
  1403 | D:2      | Reached XP level 4. HP: 40/40 MP: 3/3
  2044 | D:3      | Reached XP level 5. HP: 47/47 MP: 4/4
  2145 | D:3      | Reached skill level 5 in Shields
  2319 | D:3      | Reached skill level 4 in Long Blades
  2732 | D:4      | Reached skill level 5 in Long Blades
  2732 | D:4      | Reached XP level 6. HP: 53/53 MP: 5/5
  2837 | D:4      | Reached skill level 5 in Armour
  2837 | D:4      | Reached skill level 1 in Dodging
  3630 | D:5      | Entered Level 5 of the Dungeon
  3703 | D:5      | Reached skill level 5 in Fighting
  3703 | D:5      | Reached XP level 7. HP: 41/61 MP: 6/6
  3861 | D:5      | Noticed Ijyb
  3866 | D:5      | Killed Ijyb
  3866 | D:5      | Reached skill level 6 in Long Blades
  4267 | D:5      | Found a radiant altar of Vehumet.
  4889 | D:6      | Noticed a hippogriff
  4899 | D:6      | Killed a hippogriff
  4899 | D:6      | Reached skill level 7 in Long Blades
  4899 | D:6      | Reached XP level 8. HP: 49/70 MP: 7/7
  5182 | D:6      | Found Eguqan's Jewellery Emporium.
  5235 | D:6      | Bought a cursed ring of attention for 58 gold pieces
  5262 | D:6      | Got a brightly glowing ring mail
  5273 | D:6      | Identified the +3 ring mail "Apelom" {rN+ Stlth+} (You
                  | found it on level 6 of the Dungeon)
  5375 | D:6      | Reached skill level 8 in Long Blades
  5773 | D:7      | Found a staircase to the Ecumenical Temple.
  5787 | Temple   | Entered the Ecumenical Temple
  5881 | Temple   | Became a worshipper of Warmaster Okawaru
  6230 | D:7      | Reached skill level 1 in Stealth
  6337 | D:7      | Reached XP level 9. HP: 62/75 MP: 8/8
  6447 | D:7      | Reached skill level 9 in Long Blades
  6623 | D:7      | Reached * piety under Okawaru
  6711 | D:8      | Noticed an ogre mage
  6713 | D:8      | Noticed Psyche
  6731 | D:7      | Killed an ogre mage
  6741 | D:7      | Reached skill level 10 in Long Blades
  6826 | D:7      | Killed Psyche
  7095 | D:8      | Reached ** piety under Okawaru
  7274 | D:8      | Reached XP level 10. HP: 86/86 MP: 7/9
  7312 | D:8      | Noticed a deep elf mage
  7329 | D:8      | Killed a deep elf mage
  7329 | D:8      | Reached *** piety under Okawaru
  7632 | D:8      | Noticed Harold
  7652 | D:8      | Killed Harold
  7652 | D:8      | Reached skill level 11 in Long Blades
  7817 | D:8      | Found a snail-covered altar of Cheibriados.
  7912 | D:8      | Reached skill level 10 in Shields
  8182 | D:9      | Noticed a two-headed ogre
  8194 | D:9      | Killed a two-headed ogre
  8194 | D:9      | Reached **** piety under Okawaru
  8235 | D:9      | Found a transporter.
  8236 | D:9      | Found a bloodstained altar of Trog.
  8236 | D:9      | Noticed a two-headed ogre
  8236 | D:9      | Identified the +10 scimitar of Karma {drain, rF++}
  8236 | D:9      | Noticed an orc knight
  8236 | D:9      | Identified the +5 trident of the Beginning {antimagic,
                  | rElec rC+ SInv}
  8236 | D:9      | Noticed a tengu warrior
  8236 | D:9      | Noticed guttsta's ghost (novice OgFE)
  8237 | D:9      | Noticed a two-headed ogre
  8238 | D:9      | Noticed a two-headed ogre
  8241 | D:9      | Noticed a moth of wrath
  8242 | D:9      | Identified the +5 great mace "Daots" {flame, rC+ Int+9}
  8242 | D:9      | Noticed a two-headed ogre
  8272 | D:9      | Found a transporter.
  8437 | D:9      | Noticed a tengu warrior
  8468 | D:9      | Killed a tengu warrior
  8468 | D:9      | Reached skill level 12 in Long Blades
  8468 | D:9      | Reached skill level 5 in Dodging
  8468 | D:9      | Reached skill level 1 in Invocations
  8828 | D:9      | Found a staircase to the Orcish Mines.
  8899 | D:9      | Reached XP level 11. HP: 75/95 MP: 10/10
  8971 | D:10     | Entered Level 10 of the Dungeon
  8971 | D:10     | Found Diedulea's Magic Scroll Emporium.
  8976 | D:10     | Noticed Maurice
  9244 | D:9      | Killed Maurice
 10098 | D:10     | Reached ***** piety under Okawaru
 10098 | D:10     | Received a gift from Okawaru
 10656 | D:10     | Noticed Urug
 10673 | D:10     | Killed Urug
 11233 | D:11     | Found a staircase to the Lair.
 11430 | D:11     | Reached skill level 13 in Long Blades
 11455 | D:11     | Received a gift from Okawaru
 11674 | D:11     | Killed an unseen horror
 11836 | D:11     | Reached XP level 12. HP: 101/105 MP: 12/12
 11903 | D:11     | Found Eproliq's Book Boutique.
 12145 | Lair:1   | Entered Level 1 of the Lair of Beasts
 12195 | Lair:1   | Found an ancient bone altar of Kikubaaqudgha.
 12294 | Lair:1   | Noticed Sonja
 12362 | Lair:1   | Killed Sonja
 12404 | Lair:1   | Reached skill level 14 in Long Blades
 12452 | Lair:1   | Noticed an eight-headed hydra
 12589 | D:9      | Reached skill level 10 in Fighting
 12608 | D:9      | Killed a tengu warrior
 12625 | D:9      | Killed a two-headed ogre
 12633 | D:9      | Killed a two-headed ogre
 12833 | D:9      | Killed a two-headed ogre
 12833 | D:9      | Received a gift from Okawaru
 13214 | D:9      | Killed guttsta's ghost
 13220 | D:9      | Killed a two-headed ogre
 13369 | Lair:1   | Slain by an eight-headed hydra

Skill      XL: |  1  2  3  4  5  6  7  8  9 10 11 12 |
---------------+-------------------------------------+-----
Shields        | 4 5 6 8 9 10 12 | 12.7
Armour         | 4 5 6 7 8 9 |  9.0
Fighting       | 4 5 6 7 8 9 10 | 10.4
Long Blades    | 3 5 7 8 10 12 13 14 | 14.8
Dodging        | 1 2 3 5 6 7 |  7.3
Stealth        | 1 2 3 4 |  4.3
Invocations    | 1 2 |  2.2
Evocations     | |  0.1

Action                   |  1- 3 |  4- 6 |  7- 9 | 10-12 || total
-------------------------+-------+-------+-------+-------++-------
Melee: Long sword        |    79 |   173 |   316 |   350 ||   918
       Headbutt          |    16 |    40 |    65 |   158 ||   279
       Double sword      |       |       |       |   259 ||   259
       Great mace        |       |       |       |     2 ||     2
Invok: Heroism           |       |       |     3 |    10 ||    13
       Finesse           |       |       |       |     2 ||     2
Evoke: Wand              |       |       |     1 |     3 ||     4
  Use: Scroll            |     3 |     2 |     5 |     7 ||    17
       Potion            |       |       |       |     2 ||     2
 Stab: Sleeping          |       |       |     2 |     9 ||    11
       Distracted        |       |       |       |     1 ||     1
  Eat: Chunk             |       |     9 |    14 |    18 ||    41
       Ration            |       |       |       |     1 ||     1
Armor: Scale mail        |    35 |       |       |       ||    35
       Chain mail        |    23 |   103 |    44 |       ||   170
       Ring mail         |       |       |    61 |   162 ||   223
Dodge: Dodged            |    29 |    39 |    87 |   227 ||   382
Block: Shield            |    56 |    94 |   154 |   386 ||   690
       Rpst.: Long sword |     7 |     7 |    25 |    24 ||    63
       Double sword      |       |       |       |    17 ||    17
